Patriotes vs Rafales
(R2)
Created - May 15, 2019 at 19:07
Goals
|
| Patriotes |
2 |
1 |
1 |
4 |
| Rafales |
1 |
3 |
1 |
5 |
|
Shots
|
| Patriotes |
9 |
14 |
6 |
29 |
| Rafales |
13 |
13 |
9 |
35 |
|
1st period
1. Rafales , Carl Klingberg 2 (Nathan Davis 3, Milan Bartovic 1) at 0:41
2. Patriotes , Emerson Etem 1 (Christian Hanson 2) at 15:49
3. Patriotes , Cody Eakin 2 (Matt Calvert 3, Tyler Randell 3) at 16:01
Penalties :
Cedric Paquette (Stf) for Goalie Interference (Minor) at 4:35, Julian Melchiori (Stf) for Slashing (Minor) at 9:32, Austin Watson (Nyc) for Delaying the game (Minor) at 11:49, Matt Calvert (Nyc) for Checking from behind (Minor) at 17:09
2nd period
4. Rafales , Cedric Paquette 1 (Chris Terry 1, Julian Melchiori 3) at 6:10
5. Rafales , Michael Ryder 2 (Mike Zigomanis 5, Slater Koekkoek 1) at 10:49
6. Rafales , Carl Klingberg 3 (Milan Bartovic 2, Dylan McIlrath 1) at 12:47
7. Patriotes , Aleksander Barkov 2 (Austin Watson 2) at 18:41
Penalties :
Dylan McIlrath (Stf) for Fighting (Major) at 2:33, Justin Florek (Nyc) for Fighting (Major) at 2:33, Tyler Randell (Nyc) for Holding (Minor) at 6:17, Justin Florek (Nyc) for Hooking (Minor) at 13:30, Mike Zigomanis (Stf) for Hooking (Minor) at 13:45
3rd period
8. Patriotes , Aleksander Barkov 3 (Shane Sims 3) at 18:32
9. Rafales , James Sheppard 3 (Brian Ferlin 2, Connor Murphy 2) at 19:12
Penalties :
Matt Calvert (Nyc) for Holding (Minor) at 1:20, Justin Florek (Nyc) for Tripping (Minor) at 8:23, Emerson Etem (Nyc) for Holding Stick (Minor) at 16:18
Goalie Stats
Marek Schwarz (Nyc), 30 saves from 35 shots - (0.857), L, 1-2-0, 59:16 minutes
Leland Irving (Stf), 25 saves from 29 shots - (0.862), W, 2-1-0, 60:00 minutes
Players Stats for Patriotes
Player Name G A P +/- PIM S H SB GA TA FO MP PP MP PK MP
------------------------------------------------------------------------------------
Aaron Ness 0 0 0 0 0 0 0 2 1 0 0/0 21:46 1:57 5:46
Aleksander Barkov 2 0 2 1 0 2 2 0 0 1 3/5 10:17 0:00 0:00
Austin Watson 0 1 1 1 2 3 2 0 0 0 0/1 11:40 0:00 1:13
Borna Rendulic 0 0 0 1 0 0 3 0 0 0 0/0 10:17 0:00 0:00
Christian Hanson 0 1 1 -1 0 1 1 1 0 1 5/9 19:44 1:58 6:47
Cody Eakin 1 0 1 0 0 4 1 1 0 0 19/34 24:47 2:16 6:38
Dale Weise 0 0 0 -1 0 0 0 0 0 0 0/0 6:55 0:00 0:00
David Kolomatis 0 0 0 0 0 1 0 1 0 1 0/0 21:46 1:57 5:46
Dillon Heatherington 0 0 0 -1 0 2 0 0 0 0 0/0 10:15 0:00 0:11
Emerson Etem 1 0 1 -1 2 3 1 0 0 0 0/0 10:54 1:50 0:00
Jared Knight 0 0 0 -1 0 2 0 0 0 0 1/1 7:09 0:00 0:14
Justin Florek 0 0 0 0 9 1 2 0 0 0 0/0 11:07 1:58 0:33
Mario Lucia 0 0 0 -1 0 0 0 0 0 0 0/0 6:55 0:00 0:00
Matt Calvert 0 1 1 0 4 4 2 0 0 0 0/2 19:37 2:15 2:19
Maxim Mamin 0 0 0 0 0 0 0 0 0 0 0/0 0:00 0:00 0:00
Riley Barber 0 0 0 0 0 0 0 0 0 0 0/0 0:19 0:00 0:00
Robert Baillargeon 0 0 0 0 0 0 0 0 0 0 0/1 4:32 0:00 3:37
Ryan Fitzgerald 0 0 0 -1 0 0 0 0 0 0 0/0 1:48 0:09 0:00
Shane Sims 0 1 1 0 0 2 0 0 0 0 0/0 27:55 2:16 6:12
Shea Theodore 0 0 0 -1 0 0 0 0 0 1 0/0 9:55 0:00 0:00
Timothy Kunes 0 0 0 0 0 4 1 2 1 0 0/0 27:57 2:16 6:23
Tyler Randell 0 1 1 0 2 0 2 0 0 0 1/1 20:30 2:13 3:03
Players Stats for Rafales
Player Name G A P +/- PIM S H SB GA TA FO MP PP MP PK MP
------------------------------------------------------------------------------------
Brian Ferlin 0 1 1 0 0 0 0 0 0 0 0/0 11:46 0:12 1:07
Carl Klingberg 2 0 2 0 0 2 1 0 0 0 0/0 17:37 4:36 1:50
Cedric Paquette 1 0 1 1 2 1 2 0 0 0 2/2 9:02 0:18 0:00
Chris Terry 0 1 1 1 0 3 1 0 0 0 0/0 7:44 0:00 0:00
Cody McLeod 0 0 0 0 0 4 1 0 0 0 1/2 23:22 7:10 2:04
Connor Murphy 0 1 1 -1 0 1 0 1 0 0 0/0 28:42 6:27 2:08
Dylan McIlrath 0 1 1 2 5 1 0 1 0 1 0/0 8:51 0:00 0:00
James Marcou 0 0 0 1 0 1 1 0 1 0 0/0 7:44 0:00 0:00
James Sheppard 1 0 1 0 0 3 1 0 0 1 0/0 11:02 0:23 0:04
Joey Laleggia 0 0 0 0 0 2 1 3 1 0 0/0 22:12 5:28 2:05
Julian Melchiori 0 1 1 0 2 6 0 1 0 0 0/0 21:10 5:28 0:50
Kevin Veilleux 0 0 0 0 0 1 3 0 0 0 1/4 10:20 0:00 0:00
Matt Gilroy 0 0 0 -1 0 2 1 2 0 0 0/0 27:53 6:41 2:08
Michael Ryder 1 0 1 0 0 5 0 0 0 0 4/6 22:41 7:21 1:16
Mike Zigomanis 0 1 1 0 2 1 1 1 0 0 14/30 22:12 7:14 2:01
Milan Bartovic 0 2 2 0 0 1 3 0 0 0 0/0 15:09 4:36 0:00
Nathan Davis 0 1 1 0 0 1 1 0 2 0 3/10 15:18 4:36 0:04
Slater Koekkoek 0 1 1 2 0 0 1 0 0 0 0/0 11:14 0:14 1:15
3 Stars
1 - Aleksander Barkov (Nyc)
2 - Carl Klingberg (Stf)
3 - Milan Bartovic (Stf)
Power Play
Patriotes - 0 on 3 Attempt(s) - 0.00%
Rafales - 0 on 7 Attempt(s) - 0.00%
Penalty Kill
Patriotes - 7 on 7 Attempt(s) - 100.00%
- Score 0 goal in Penalty Kill
Rafales - 3 on 3 Attempt(s) - 100.00%
- Score 0 goal in Penalty Kill
Team Stat
Patriotes - Hits : 17 - Faceoff Wins : 29 - Blocked Shots : 7 - Penalty Minutes : 19
Rafales - Hits : 18 - Faceoff Wins : 25 - Blocked Shots : 9 - Penalty Minutes : 11
Official
Referees : Unknown
Linesman : Unknown
Game Notes
Justin Florek beats up Dylan McIlrath at 2:33 of 2nd period
Aaron Ness is injured at 18:20 of 3rd period (Sore Right Knee)
Finance
Level 1 -- Attendance: 1727 (86.35%) -- Ticket Income $69,080
Level 2 -- Attendance: 789 (78.90%) -- Ticket Income $15,780
Total Attendance: 2516 (83.87%)
Total Ticket Income: $84,860
Other Income: $4,243
Total Income: $89,103
Patriotes
5 vs 5 Forward
Center Left Wing Right Wing Time % Phy DF OF
1 Cody Eakin Matt Calvert Tyler Randell 40 1 2 2
2 Christian Hanson Justin Florek Emerson Etem 30 1 2 2
3 Aleksander Barkov Austin Watson Borna Rendulic 20 1 2 2
4 Jared Knight Mario Lucia Dale Weise 10 1 2 2
5 vs 5 Defense
Defense Defense Time % Phy DF OF
1 Timothy Kunes Shane Sims 40 1 2 2
2 David Kolomatis Aaron Ness 30 1 2 2
3 Shea Theodore Dillon Heatherington 20 1 2 2
4 Timothy Kunes Shane Sims 10 1 2 2
PowerPlay Forward
Center Left Wing Right Wing Time % Phy DF OF
1 Cody Eakin Matt Calvert Tyler Randell 60 1 2 2
2 Christian Hanson Justin Florek Emerson Etem 40 1 2 2
PowerPlay Defense
Defense Defense Time % Phy DF OF
1 Timothy Kunes Shane Sims 60 1 2 2
2 David Kolomatis Aaron Ness 40 1 2 2
Penalty Kill 4 Players Forward
Center Wing Time % Phy DF OF
1 Cody Eakin Christian Hanson 60 1 2 2
2 Tyler Randell Matt Calvert 40 1 2 2
Penalty Kill 4 Players Defense
Defense Defense Time % Phy DF OF
1 Timothy Kunes Shane Sims 60 1 2 2
2 David Kolomatis Aaron Ness 40 1 2 2
Penalty Kill - 3 Players Forward
Forward Time % Phy DF OF
1 Cody Eakin 60 1 2 2
2 Christian Hanson 40 1 2 2
Penalty Kill - 3 Players Defense
Defense Defense Time % Phy DF OF
1 Timothy Kunes Shane Sims 60 1 2 2
2 David Kolomatis Aaron Ness 40 1 2 2
4 vs 4 Forward
Center Wing Time % Phy DF OF
1 Cody Eakin Christian Hanson 60 1 2 2
2 Tyler Randell Matt Calvert 40 1 2 2
4 vs 4 Defense
Defense Defense Time % Phy DF OF
1 Timothy Kunes Shane Sims 60 1 2 2
2 David Kolomatis Aaron Ness 40 1 2 2
Last Minutes Offensive
Center Left Wing Right Wing Defense Defense
Cody Eakin Matt Calvert Tyler Randell Timothy Kunes Shane Sims
Last Minutes Defensive
Center Left Wing Right Wing Defense Defense
Cody Eakin Matt Calvert Tyler Randell Timothy Kunes Shane Sims
Goaltenders
Starting : Marek Schwarz
Backup : Thomas Greiss
Extra Forwards
Normal : Ryan Fitzgerald, Riley Barber, Robert Baillargeon - PP : Ryan Fitzgerald, Riley Barber - PK : Robert Baillargeon
Extra Defensemen
Normal : Shea Theodore, Dillon Heatherington, David Kolomatis - PP : Shea Theodore - PK : Dillon Heatherington, David Kolomatis
Penalty Shots
Cody Eakin, Christian Hanson, Tyler Randell, Matt Calvert, Emerson Etem
Scratches
Jason Zucker (Healthy), Anthony Bitetto (Healthy), Andrei Vasilevskiy (Healthy), Phoenix Copley (Healthy)
Rafales
5 vs 5 Forward
Center Left Wing Right Wing Time % Phy DF OF
1 Mike Zigomanis Cody McLeod Michael Ryder 40 0 1 4
2 Nathan Davis Carl Klingberg Milan Bartovic 30 0 1 4
3 Kevin Veilleux James Sheppard Brian Ferlin 20 1 1 3
4 Cedric Paquette Chris Terry James Marcou 10 2 1 2
5 vs 5 Defense
Defense Defense Time % Phy DF OF
1 Matt Gilroy Connor Murphy 40 1 3 1
2 Julian Melchiori Joey Laleggia 30 1 3 1
3 Dylan McIlrath Slater Koekkoek 20 1 3 1
4 Matt Gilroy Connor Murphy 10 1 3 1
PowerPlay Forward
Center Left Wing Right Wing Time % Phy DF OF
1 Mike Zigomanis Cody McLeod Michael Ryder 60 0 0 5
2 Nathan Davis Carl Klingberg Milan Bartovic 40 0 0 5
PowerPlay Defense
Defense Defense Time % Phy DF OF
1 Matt Gilroy Connor Murphy 60 0 2 3
2 Julian Melchiori Joey Laleggia 40 0 2 3
Penalty Kill 4 Players Forward
Center Wing Time % Phy DF OF
1 Mike Zigomanis Cody McLeod 60 1 3 1
2 Michael Ryder Carl Klingberg 40 1 3 1
Penalty Kill 4 Players Defense
Defense Defense Time % Phy DF OF
1 Matt Gilroy Connor Murphy 60 2 3 0
2 Julian Melchiori Joey Laleggia 40 2 3 0
Penalty Kill - 3 Players Forward
Forward Time % Phy DF OF
1 Mike Zigomanis 60 1 4 0
2 Cody McLeod 40 1 4 0
Penalty Kill - 3 Players Defense
Defense Defense Time % Phy DF OF
1 Matt Gilroy Connor Murphy 60 2 3 0
2 Julian Melchiori Joey Laleggia 40 1 4 0
4 vs 4 Forward
Center Wing Time % Phy DF OF
1 Mike Zigomanis Cody McLeod 60 1 1 3
2 Michael Ryder Carl Klingberg 40 1 1 3
4 vs 4 Defense
Defense Defense Time % Phy DF OF
1 Matt Gilroy Connor Murphy 60 1 3 1
2 Julian Melchiori Joey Laleggia 40 1 3 1
Last Minutes Offensive
Center Left Wing Right Wing Defense Defense
Mike Zigomanis Cody McLeod Michael Ryder Matt Gilroy Connor Murphy
Last Minutes Defensive
Center Left Wing Right Wing Defense Defense
Mike Zigomanis Cody McLeod Michael Ryder Matt Gilroy Connor Murphy
Goaltenders
Starting : Leland Irving
Backup : Sean Maguire
Extra Forwards
Normal : Mike Zigomanis, Cody McLeod, Michael Ryder - PP : Mike Zigomanis, Cody McLeod - PK : Brian Ferlin
Extra Defensemen
Normal : Matt Gilroy, Connor Murphy, Julian Melchiori - PP : Matt Gilroy - PK : Connor Murphy, Julian Melchiori
Penalty Shots
Mike Zigomanis, Cody McLeod, Michael Ryder, Carl Klingberg, James Sheppard
Scratches
Ben Sexton (Healthy), Ryan Bourque (Healthy), Ben Johnson (Healthy), Jayson Megna (Healthy), Brad Ross (Healthy)
Ben Thomson (Healthy), Tyrell Goulbourne (Healthy), David Broll (Healthy), Stefan Chaput (Healthy), Dennis Persson (Healthy)
Akim Aliu (Healthy), Maksim Mayorov (Healthy), Chris Driedger (Healthy)
% Time on Ice - Patriotes
Lines # - Real PCT - Wanted PCT - Time Play
Normal Forward
1 - 36% - 40% - 14:39
2 - 23% - 30% - 9:16
3 - 25% - 20% - 10:17
4 - 17% - 10% - 6:55
Normal Defense
1 - 42% - 40% - 17:12
2 - 33% - 30% - 13:30
3 - 24% - 20% - 9:53
4 - 1% - 10% - 0:32
PP Forward
1 - 57% - 60% - 2:23
2 - 43% - 40% - 1:50
PP Defense
1 - 54% - 60% - 2:16
2 - 46% - 40% - 1:57
PK Forward
1 - 70% - 60% - 8:33
2 - 30% - 40% - 3:36
PK Defense
1 - 53% - 60% - 6:23
2 - 47% - 40% - 5:46
PK3 Forward
1 - 0% - 60%
2 - 0% - 40%
PK3 Defense
1 - 0% - 60%
2 - 0% - 40%
44 Forward
1 - 87% - 60% - 1:30
2 - 13% - 40% - 0:14
44 Defense
1 - 68% - 60% - 1:11
2 - 32% - 40% - 0:33
Last Minute Offensive - 0:47
Last Minute Defensive - 0:00
Total
Forward - 60:00
Defense - 60:00
|
% Time on Ice - Rafales
Lines # - Real PCT - Wanted PCT - Time Play
Normal Forward
1 - 30% - 40% - 12:30
2 - 26% - 30% - 10:33
3 - 25% - 20% - 10:20
4 - 19% - 10% - 7:44
Normal Defense
1 - 42% - 40% - 17:15
2 - 34% - 30% - 14:06
3 - 24% - 20% - 9:46
4 - 0% - 10% - 0:00
PP Forward
1 - 62% - 60% - 7:33
2 - 38% - 40% - 4:36
PP Defense
1 - 55% - 60% - 6:41
2 - 45% - 40% - 5:28
PK Forward
1 - 70% - 60% - 2:57
2 - 30% - 40% - 1:16
PK Defense
1 - 44% - 60% - 1:52
2 - 56% - 40% - 2:21
PK3 Forward
1 - 0% - 60%
2 - 0% - 40%
PK3 Defense
1 - 0% - 60%
2 - 0% - 40%
44 Forward
1 - 100% - 60% - 1:44
2 - 0% - 40% - 0:00
44 Defense
1 - 60% - 60% - 1:02
2 - 40% - 40% - 0:42
Last Minute Offensive - 0:00
Last Minute Defensive - 0:47
Total
Forward - 60:00
Defense - 60:00
|
Play-by-Play
1st period
0:01 of 1st period - Cody Eakin wins face-off versus Mike Zigomanis in neutral zone.
0:06 of 1st period - Slapshot by Cody Eakin.
0:06 of 1st period - Stopped by Leland Irving with a rebound.
0:08 of 1st period - Backhand shot by Shane Sims.
0:08 of 1st period - Shot Blocked by Connor Murphy.
0:41 of 1st period - Snap shot by Nathan Davis.
0:41 of 1st period - Deflect By Carl Klingberg.
0:41 of 1st period - Goal by Carl Klingberg - Patriotes : 0 - Rafales : 1.
0:42 of 1st period - Aleksander Barkov wins face-off versus Kevin Veilleux in neutral zone.
1:07 of 1st period - David Kolomatis is hit by Cedric Paquette and loses puck.
1:46 of 1st period - Cody McLeod is hit by Justin Florek and loses puck.
1:55 of 1st period - Wrist shot by Emerson Etem.
1:55 of 1st period - Shot Blocked by Mike Zigomanis.
2:07 of 1st period - Snap shot by James Sheppard.
2:07 of 1st period - Shot Misses the Net.
2:32 of 1st period - Wrist shot by Jared Knight.
2:32 of 1st period - Shot Misses the Net.
2:34 of 1st period - Slapshot by Shea Theodore.
2:34 of 1st period - Shot Misses the Net.
2:36 of 1st period - Slapshot by Dillon Heatherington.
2:36 of 1st period - Stopped by Leland Irving with a rebound.
2:43 of 1st period - Icing by Chris Terry.
2:44 of 1st period - Cedric Paquette wins face-off versus Matt Calvert in Rafales zone.
2:53 of 1st period - Slapshot by Cody McLeod.
2:53 of 1st period - Stopped by Marek Schwarz with a rebound.
2:59 of 1st period - Wrist shot by Cody Eakin.
2:59 of 1st period - Stopped by Leland Irving without a rebound.
3:00 of 1st period - Christian Hanson wins face-off versus Nathan Davis in Rafales zone.
3:11 of 1st period - Slapshot by Emerson Etem.
3:11 of 1st period - Shot Blocked by Matt Gilroy.
3:16 of 1st period - Off-side.
3:17 of 1st period - Cody Eakin wins face-off versus Mike Zigomanis in neutral zone.
3:32 of 1st period - Tyler Randell is hit by Mike Zigomanis and loses puck.
3:43 of 1st period - Joey Laleggia is hit by Emerson Etem and loses puck.
3:52 of 1st period - Slapshot by Julian Melchiori.
3:52 of 1st period - Stopped by Marek Schwarz with a rebound.
4:35 of 1st period - Minor Penalty to Cedric Paquette for Goalie Interference.
4:36 of 1st period - Mike Zigomanis wins face-off versus Cody Eakin in Rafales zone.
6:35 of 1st period - Penalty to Cedric Paquette is over, Cedric Paquette is back on ice.
6:43 of 1st period - Wrist shot by Chris Terry.
6:43 of 1st period - Stopped by Marek Schwarz with a rebound.
6:45 of 1st period - Slapshot by Matt Gilroy.
6:45 of 1st period - Deflect By Chris Terry.
6:45 of 1st period - Shot Misses the Net.
6:45 of 1st period - Puck is out of play.
6:46 of 1st period - Cedric Paquette wins face-off versus Aleksander Barkov in Patriotes zone.
6:51 of 1st period - Snap shot by James Marcou.
6:51 of 1st period - Stopped by Marek Schwarz with a rebound.
7:01 of 1st period - Snap shot by Chris Terry.
7:01 of 1st period - Stopped by Marek Schwarz without a rebound.
7:02 of 1st period - Mike Zigomanis wins face-off versus Christian Hanson in Patriotes zone.
7:09 of 1st period - Snap shot by Cody McLeod.
7:09 of 1st period - Deflect By Timothy Kunes.
7:09 of 1st period - Shot Misses the Net.
7:09 of 1st period - Puck is out of play.
7:10 of 1st period - Mike Zigomanis wins face-off versus Christian Hanson in Patriotes zone.
7:25 of 1st period - Snap shot by Cody McLeod.
7:25 of 1st period - Shot Misses the Net.
7:37 of 1st period - Snap shot by Cody Eakin.
7:37 of 1st period - Shot Misses the Net.
7:39 of 1st period - Wrist shot by Cody Eakin.
7:39 of 1st period - Shot Misses the Net.
8:47 of 1st period - Wrist shot by Emerson Etem.
8:47 of 1st period - Stopped by Leland Irving with a rebound.
8:49 of 1st period - Slapshot by Emerson Etem.
8:49 of 1st period - Shot Misses the Net.
9:32 of 1st period - Minor Penalty to Julian Melchiori for Slashing.
9:33 of 1st period - Cody Eakin wins face-off versus Mike Zigomanis in Rafales zone.
9:59 of 1st period - Slater Koekkoek is hit by Timothy Kunes and loses puck.
11:32 of 1st period - Penalty to Julian Melchiori is over, Julian Melchiori is back on ice.
11:49 of 1st period - Minor Penalty to Austin Watson for Delaying the game.
11:50 of 1st period - Mike Zigomanis wins face-off versus Cody Eakin in Patriotes zone.
13:47 of 1st period - Michael Ryder is hit by Tyler Randell and loses puck.
13:49 of 1st period - Penalty to Austin Watson is over, Austin Watson is back on ice.
14:54 of 1st period - Cody Eakin is hit by Cedric Paquette and loses puck.
15:05 of 1st period - Matt Calvert is hit by James Sheppard and loses puck.
15:24 of 1st period - Aaron Ness is hit by Cody McLeod and loses puck.
15:45 of 1st period - Slapshot by David Kolomatis.
15:45 of 1st period - Stopped by Leland Irving with a rebound.
15:47 of 1st period - Slapshot by David Kolomatis.
15:47 of 1st period - Deflect By Jared Knight.
15:47 of 1st period - Stopped by Leland Irving without a rebound.
15:48 of 1st period - Christian Hanson wins face-off versus Nathan Davis in Rafales zone.
15:49 of 1st period - Wrist shot by Emerson Etem.
15:49 of 1st period - Goal by Emerson Etem - Patriotes : 1 - Rafales : 1.
15:50 of 1st period - Cody Eakin wins face-off versus Mike Zigomanis in neutral zone.
16:01 of 1st period - Slapshot by Matt Calvert.
16:01 of 1st period - Deflect By Cody Eakin.
16:01 of 1st period - Goal by Cody Eakin - Patriotes : 2 - Rafales : 1.
16:02 of 1st period - Michael Ryder wins face-off versus Cody Eakin in neutral zone.
16:05 of 1st period - Slapshot by Matt Gilroy.
16:05 of 1st period - Stopped by Marek Schwarz with a rebound.
16:50 of 1st period - Snap shot by Nathan Davis.
16:50 of 1st period - Shot Blocked by David Kolomatis.
17:09 of 1st period - Minor Penalty to Matt Calvert for Checking from behind.
17:10 of 1st period - Mike Zigomanis wins face-off versus Cody Eakin in Patriotes zone.
17:22 of 1st period - Wrist shot by Cody McLeod.
17:22 of 1st period - Stopped by Marek Schwarz without a rebound.
17:23 of 1st period - Mike Zigomanis wins face-off versus Cody Eakin in Patriotes zone.
17:28 of 1st period - Wrist shot by Cody McLeod.
17:28 of 1st period - Shot Misses the Net.
17:30 of 1st period - Slapshot by Cody McLeod.
17:30 of 1st period - Shot Blocked by Timothy Kunes.
17:32 of 1st period - Slapshot by Julian Melchiori.
17:32 of 1st period - Stopped by Marek Schwarz without a rebound.
17:33 of 1st period - Mike Zigomanis wins face-off versus Cody Eakin in Patriotes zone.
17:34 of 1st period - Snap shot by Cody McLeod.
17:34 of 1st period - Shot Blocked by Cody Eakin.
17:36 of 1st period - Wrist shot by Michael Ryder.
17:36 of 1st period - Shot Misses the Net.
17:38 of 1st period - Slapshot by Julian Melchiori.
17:38 of 1st period - Stopped by Marek Schwarz with a rebound.
18:00 of 1st period - Snap shot by Cody McLeod.
18:00 of 1st period - Stopped by Marek Schwarz with a rebound.
18:02 of 1st period - Snap shot by Joey Laleggia.
18:02 of 1st period - Stopped by Marek Schwarz with a rebound.
18:06 of 1st period - Slapshot by Michael Ryder.
18:06 of 1st period - Shot Misses the Net.
18:08 of 1st period - Slapshot by Mike Zigomanis.
18:08 of 1st period - Shot Misses the Net.
18:44 of 1st period - Wrist shot by Cody McLeod.
18:44 of 1st period - Shot Misses the Net.
18:46 of 1st period - Wrist shot by Michael Ryder.
18:46 of 1st period - Deflect By Mike Zigomanis.
18:46 of 1st period - Stopped by Marek Schwarz with a rebound.
19:09 of 1st period - Penalty to Matt Calvert is over, Matt Calvert is back on ice.
19:14 of 1st period - Wrist shot by Cody McLeod.
19:14 of 1st period - Deflect By Matt Calvert.
19:14 of 1st period - Shot Misses the Net.
19:14 of 1st period - Puck is out of play.
19:15 of 1st period - Aleksander Barkov wins face-off versus Nathan Davis in Patriotes zone.
19:40 of 1st period - Matt Gilroy is hit by Justin Florek and loses puck.
19:49 of 1st period - Wrist shot by Christian Hanson.
19:49 of 1st period - Stopped by Leland Irving with a rebound.
Goals for this period are 2 for Patriotes vs 1 for Rafales.
Shots for this period are 9 for Patriotes vs 13 for Rafales.
2nd period
0:01 of 2nd period - Cody Eakin wins face-off versus Mike Zigomanis in neutral zone.
0:12 of 2nd period - Joey Laleggia is hit by Matt Calvert.
0:36 of 2nd period - Snap shot by Emerson Etem.
0:36 of 2nd period - Stopped by Leland Irving with a rebound.
0:38 of 2nd period - Slapshot by Justin Florek.
0:38 of 2nd period - Stopped by Leland Irving with a rebound.
1:13 of 2nd period - Snap shot by Michael Ryder.
1:13 of 2nd period - Stopped by Marek Schwarz with a rebound.
1:21 of 2nd period - Julian Melchiori is hit by Austin Watson and loses puck.
1:54 of 2nd period - Matt Calvert is hit by James Marcou and loses puck.
2:29 of 2nd period - Wrist shot by Connor Murphy.
2:29 of 2nd period - Deflect By Chris Terry.
2:29 of 2nd period - Shot Misses the Net.
2:29 of 2nd period - Puck is out of play.
2:30 of 2nd period - Christian Hanson wins face-off versus Mike Zigomanis in Patriotes zone.
2:30 of 2nd period - Christian Hanson is hit by Slater Koekkoek.
2:33 of 2nd period - Justin Florek beats up Dylan McIlrath.
2:33 of 2nd period - Penalty to Dylan McIlrath for Fighting.
2:33 of 2nd period - Penalty to Justin Florek for Fighting.
2:34 of 2nd period - Mike Zigomanis wins face-off versus Christian Hanson in Patriotes zone.
3:48 of 2nd period - Slapshot by Julian Melchiori.
3:48 of 2nd period - Deflect By Aaron Ness.
3:48 of 2nd period - Stopped by Marek Schwarz with a rebound.
4:13 of 2nd period - Snap shot by Mike Zigomanis.
4:13 of 2nd period - Shot Misses the Net.
4:25 of 2nd period - Wrist shot by Tyler Randell.
4:25 of 2nd period - Deflect By Matt Calvert.
4:25 of 2nd period - Stopped by Leland Irving without a rebound.
4:26 of 2nd period - Nathan Davis wins face-off versus Matt Calvert in Rafales zone.
4:33 of 2nd period - Matt Calvert is hit by Milan Bartovic and loses puck.
4:40 of 2nd period - Off-side.
4:41 of 2nd period - Christian Hanson wins face-off versus Mike Zigomanis in neutral zone.
5:29 of 2nd period - Dillon Heatherington is hit by Kevin Veilleux and loses puck.
6:10 of 2nd period - Wrist shot by Cedric Paquette.
6:10 of 2nd period - Goal by Cedric Paquette - Patriotes : 2 - Rafales : 2.
6:11 of 2nd period - Cody Eakin wins face-off versus Cody McLeod in neutral zone.
6:16 of 2nd period - Slapshot by Timothy Kunes.
6:16 of 2nd period - Stopped by Leland Irving with a rebound.
6:17 of 2nd period - Minor Penalty to Tyler Randell for Holding.
6:18 of 2nd period - Cody Eakin wins face-off versus Mike Zigomanis in Patriotes zone.
7:33 of 2nd period - Penalty to Justin Florek is over, Justin Florek is back on ice.
7:57 of 2nd period - Icing by Michael Ryder.
7:58 of 2nd period - Jared Knight wins face-off versus Mike Zigomanis in Rafales zone.
7:59 of 2nd period - Snap shot by Austin Watson.
7:59 of 2nd period - Stopped by Leland Irving with a rebound.
8:17 of 2nd period - Penalty to Tyler Randell is over, Tyler Randell is back on ice.
8:47 of 2nd period - Snap shot by Chris Terry.
8:47 of 2nd period - Stopped by Marek Schwarz with a rebound.
8:49 of 2nd period - Snap shot by Julian Melchiori.
8:49 of 2nd period - Stopped by Marek Schwarz with a rebound.
9:03 of 2nd period - Snap shot by Matt Calvert.
9:03 of 2nd period - Shot Blocked by Joey Laleggia.
9:05 of 2nd period - Snap shot by Timothy Kunes.
9:05 of 2nd period - Deflect By Tyler Randell.
9:05 of 2nd period - Shot Misses the Net.
9:05 of 2nd period - Puck is out of play.
9:06 of 2nd period - Christian Hanson wins face-off versus Nathan Davis in Rafales zone.
9:11 of 2nd period - Wrist shot by Christian Hanson.
9:11 of 2nd period - Shot Misses the Net.
9:31 of 2nd period - Timothy Kunes is hit by Matt Gilroy and loses puck.
9:48 of 2nd period - Connor Murphy is hit by Austin Watson and loses puck.
9:53 of 2nd period - Slapshot by Austin Watson.
9:53 of 2nd period - Stopped by Leland Irving with a rebound.
9:55 of 2nd period - Slapshot by Austin Watson.
9:55 of 2nd period - Stopped by Leland Irving with a rebound.
10:31 of 2nd period - Slapshot by Cody Eakin.
10:31 of 2nd period - Shot Blocked by Dylan McIlrath.
10:49 of 2nd period - Wrist shot by Michael Ryder.
10:49 of 2nd period - Goal by Michael Ryder - Patriotes : 2 - Rafales : 3.
10:50 of 2nd period - Cody Eakin wins face-off versus Mike Zigomanis in neutral zone.
11:26 of 2nd period - Slapshot by Nathan Davis.
11:26 of 2nd period - Shot Hit the Post.
12:43 of 2nd period - Snap shot by Milan Bartovic.
12:43 of 2nd period - Stopped by Marek Schwarz with a rebound.
12:45 of 2nd period - Slapshot by Dylan McIlrath.
12:45 of 2nd period - Shot Misses the Net.
12:47 of 2nd period - Snap shot by Milan Bartovic.
12:47 of 2nd period - Deflect By Carl Klingberg.
12:47 of 2nd period - Goal by Carl Klingberg - Patriotes : 2 - Rafales : 4.
12:48 of 2nd period - Mike Zigomanis wins face-off versus Cody Eakin in neutral zone.
13:13 of 2nd period - Justin Florek is hit by Nathan Davis and loses puck.
13:30 of 2nd period - Minor Penalty to Justin Florek for Hooking.
13:31 of 2nd period - Cody Eakin wins face-off versus Michael Ryder in Patriotes zone.
13:45 of 2nd period - Minor Penalty to Mike Zigomanis for Hooking.
13:46 of 2nd period - Michael Ryder wins face-off versus Cody Eakin in Rafales zone.
13:58 of 2nd period - Snap shot by Michael Ryder.
13:58 of 2nd period - Shot Misses the Net.
14:00 of 2nd period - Slapshot by Connor Murphy.
14:00 of 2nd period - Stopped by Marek Schwarz with a rebound.
14:02 of 2nd period - Wrist shot by Michael Ryder.
14:02 of 2nd period - Stopped by Marek Schwarz with a rebound.
14:23 of 2nd period - Icing by Shane Sims.
14:24 of 2nd period - Tyler Randell wins face-off versus Michael Ryder in Patriotes zone.
14:31 of 2nd period - Slapshot by Shane Sims.
14:31 of 2nd period - Stopped by Leland Irving without a rebound.
14:32 of 2nd period - Michael Ryder wins face-off versus Cody Eakin in Rafales zone.
14:37 of 2nd period - Slapshot by Connor Murphy.
14:37 of 2nd period - Shot Misses the Net.
15:21 of 2nd period - Slapshot by Shane Sims.
15:21 of 2nd period - Deflect By Joey Laleggia.
15:21 of 2nd period - Stopped by Leland Irving with a rebound.
15:30 of 2nd period - Penalty to Justin Florek is over, Justin Florek is back on ice.
15:45 of 2nd period - Penalty to Mike Zigomanis is over, Mike Zigomanis is back on ice.
16:34 of 2nd period - Slapshot by Cody Eakin.
16:34 of 2nd period - Stopped by Leland Irving with a rebound.
16:36 of 2nd period - Slapshot by Shea Theodore.
16:36 of 2nd period - Deflect By Tyler Randell.
16:36 of 2nd period - Shot Hit the Post.
16:36 of 2nd period - Puck is out of play.
16:37 of 2nd period - Cody Eakin wins face-off versus Kevin Veilleux in Rafales zone.
17:00 of 2nd period - Cody McLeod is hit by Christian Hanson and loses puck.
17:05 of 2nd period - Slapshot by Timothy Kunes.
17:05 of 2nd period - Shot Blocked by Joey Laleggia.
18:02 of 2nd period - Wrist shot by Kevin Veilleux.
18:02 of 2nd period - Stopped by Marek Schwarz with a rebound.
18:36 of 2nd period - Nathan Davis is hit by Aleksander Barkov and loses puck.
18:41 of 2nd period - Snap shot by Aleksander Barkov.
18:41 of 2nd period - Goal by Aleksander Barkov - Patriotes : 3 - Rafales : 4.
18:42 of 2nd period - Mike Zigomanis wins face-off versus Cody Eakin in neutral zone.
18:49 of 2nd period - Slapshot by Timothy Kunes.
18:49 of 2nd period - Deflect By Michael Ryder.
18:49 of 2nd period - Stopped by Leland Irving without a rebound.
18:50 of 2nd period - Mike Zigomanis wins face-off versus Cody Eakin in Rafales zone.
18:59 of 2nd period - Slapshot by Joey Laleggia.
18:59 of 2nd period - Stopped by Marek Schwarz with a rebound.
19:01 of 2nd period - Snap shot by Cody McLeod.
19:01 of 2nd period - Shot Misses the Net.
19:03 of 2nd period - Slapshot by Cody McLeod.
19:03 of 2nd period - Shot Blocked by Timothy Kunes.
19:05 of 2nd period - Slapshot by Julian Melchiori.
19:05 of 2nd period - Stopped by Marek Schwarz with a rebound.
19:29 of 2nd period - Snap shot by Cody Eakin.
19:29 of 2nd period - Shot Misses the Net.
19:39 of 2nd period - Wrist shot by Matt Calvert.
19:39 of 2nd period - Stopped by Leland Irving with a rebound.
19:41 of 2nd period - Wrist shot by Shane Sims.
19:41 of 2nd period - Shot Misses the Net.
19:43 of 2nd period - Snap shot by Timothy Kunes.
19:43 of 2nd period - Stopped by Leland Irving with a rebound.
19:48 of 2nd period - Wrist shot by Matt Calvert.
19:48 of 2nd period - Shot Blocked by Julian Melchiori.
Goals for this period are 1 for Patriotes vs 3 for Rafales.
Shots for this period are 14 for Patriotes vs 13 for Rafales.
3rd period
0:01 of 3rd period - Cody Eakin wins face-off versus Mike Zigomanis in neutral zone.
0:48 of 3rd period - Julian Melchiori is hit by Borna Rendulic and loses puck.
0:55 of 3rd period - Slapshot by Shea Theodore.
0:55 of 3rd period - Shot Blocked by Joey Laleggia.
0:57 of 3rd period - Slapshot by Dillon Heatherington.
0:57 of 3rd period - Deflect By Julian Melchiori.
0:57 of 3rd period - Stopped by Leland Irving without a rebound.
0:58 of 3rd period - Michael Ryder wins face-off versus Cody Eakin in Rafales zone.
1:20 of 3rd period - Minor Penalty to Matt Calvert for Holding.
1:21 of 3rd period - Cody McLeod wins face-off versus Cody Eakin in Patriotes zone.
1:28 of 3rd period - Snap shot by Cody McLeod.
1:28 of 3rd period - Stopped by Marek Schwarz without a rebound.
1:29 of 3rd period - Cody Eakin wins face-off versus Mike Zigomanis in Patriotes zone.
1:42 of 3rd period - Connor Murphy is hit by Cody Eakin and loses puck.
1:54 of 3rd period - Off-side.
1:55 of 3rd period - Cody Eakin wins face-off versus Nathan Davis in neutral zone.
2:01 of 3rd period - Off-side.
2:02 of 3rd period - Cody Eakin wins face-off versus Nathan Davis in neutral zone.
2:05 of 3rd period - Snap shot by Cody Eakin.
2:05 of 3rd period - Shot Blocked by Matt Gilroy.
2:28 of 3rd period - Off-side.
2:29 of 3rd period - Mike Zigomanis wins face-off versus Robert Baillargeon in neutral zone.
2:38 of 3rd period - Snap shot by Michael Ryder.
2:38 of 3rd period - Stopped by Marek Schwarz with a rebound.
2:59 of 3rd period - Christian Hanson is hit by Carl Klingberg and loses puck.
3:20 of 3rd period - Penalty to Matt Calvert is over, Matt Calvert is back on ice.
4:05 of 3rd period - Icing by Aaron Ness.
4:06 of 3rd period - Nathan Davis wins face-off versus Cody Eakin in Patriotes zone.
4:24 of 3rd period - Joey Laleggia is hit by Tyler Randell.
5:06 of 3rd period - Aleksander Barkov is hit by Kevin Veilleux and loses puck.
5:19 of 3rd period - Dillon Heatherington is hit by Chris Terry and loses puck.
5:29 of 3rd period - Off-side.
5:30 of 3rd period - Mike Zigomanis wins face-off versus Cody Eakin in neutral zone.
5:38 of 3rd period - Off-side.
5:39 of 3rd period - Cody Eakin wins face-off versus Mike Zigomanis in neutral zone.
5:44 of 3rd period - Snap shot by Matt Calvert.
5:44 of 3rd period - Stopped by Leland Irving with a rebound.
6:22 of 3rd period - Snap shot by Tyler Randell.
6:22 of 3rd period - Shot Misses the Net.
7:02 of 3rd period - Snap shot by Cody Eakin.
7:02 of 3rd period - Shot Misses the Net.
7:04 of 3rd period - Snap shot by Matt Calvert.
7:04 of 3rd period - Shot Misses the Net.
7:06 of 3rd period - Slapshot by Timothy Kunes.
7:06 of 3rd period - Stopped by Leland Irving without a rebound.
7:07 of 3rd period - Nathan Davis wins face-off versus Christian Hanson in Rafales zone.
8:23 of 3rd period - Minor Penalty to Justin Florek for Tripping.
8:24 of 3rd period - Cody Eakin wins face-off versus Nathan Davis in Patriotes zone.
8:24 of 3rd period - Cody Eakin is hit by Milan Bartovic.
8:34 of 3rd period - Shane Sims is hit by Milan Bartovic and loses puck.
10:23 of 3rd period - Penalty to Justin Florek is over, Justin Florek is back on ice.
10:26 of 3rd period - Wrist shot by Christian Hanson.
10:26 of 3rd period - Shot Misses the Net.
10:28 of 3rd period - Slapshot by Justin Florek.
10:28 of 3rd period - Shot Misses the Net.
10:55 of 3rd period - David Kolomatis is hit by Joey Laleggia and loses puck.
12:59 of 3rd period - Wrist shot by Jared Knight.
12:59 of 3rd period - Shot Misses the Net.
13:17 of 3rd period - Cody Eakin is hit by Kevin Veilleux and loses puck.
13:38 of 3rd period - Slapshot by Michael Ryder.
13:38 of 3rd period - Stopped by Marek Schwarz with a rebound.
13:52 of 3rd period - Wrist shot by Milan Bartovic.
13:52 of 3rd period - Shot Blocked by Christian Hanson.
13:54 of 3rd period - Wrist shot by Nathan Davis.
13:54 of 3rd period - Stopped by Marek Schwarz with a rebound.
14:17 of 3rd period - Slapshot by Dylan McIlrath.
14:17 of 3rd period - Stopped by Marek Schwarz with a rebound.
15:02 of 3rd period - Snap shot by Jared Knight.
15:02 of 3rd period - Stopped by Leland Irving without a rebound.
15:03 of 3rd period - Mike Zigomanis wins face-off versus Austin Watson in Rafales zone.
15:09 of 3rd period - Matt Gilroy is hit by Borna Rendulic and loses puck.
15:39 of 3rd period - Slapshot by James Sheppard.
15:39 of 3rd period - Stopped by Marek Schwarz with a rebound.
16:18 of 3rd period - Minor Penalty to Emerson Etem for Holding Stick.
16:19 of 3rd period - Cody Eakin wins face-off versus Mike Zigomanis in Patriotes zone.
16:34 of 3rd period - Wrist shot by Matt Gilroy.
16:34 of 3rd period - Shot Blocked by Aaron Ness.
18:01 of 3rd period - Cody McLeod is hit by Matt Calvert and loses puck.
18:18 of 3rd period - Penalty to Emerson Etem is over, Emerson Etem is back on ice.
18:18 of 3rd period - Slapshot by Matt Gilroy.
18:18 of 3rd period - Stopped by Marek Schwarz with a rebound.
18:20 of 3rd period - Backhand shot by James Sheppard.
18:20 of 3rd period - Shot Blocked by Aaron Ness.
18:20 of 3rd period - Aaron Ness from Patriotes is injured at 18:20 of 3rd period (Sore Right Knee).
18:21 of 3rd period - Aleksander Barkov wins face-off versus Kevin Veilleux in Patriotes zone.
18:32 of 3rd period - Wrist shot by Aleksander Barkov.
18:32 of 3rd period - Goal by Aleksander Barkov - Patriotes : 4 - Rafales : 4.
18:33 of 3rd period - Kevin Veilleux wins face-off versus Aleksander Barkov in neutral zone.
18:46 of 3rd period - Kevin Veilleux is hit by Borna Rendulic and loses puck.
18:55 of 3rd period - Kevin Veilleux is hit by Aleksander Barkov and loses puck.
19:04 of 3rd period - Snap shot by James Sheppard.
19:04 of 3rd period - Stopped by Marek Schwarz with a rebound.
19:12 of 3rd period - Wrist shot by James Sheppard.
19:12 of 3rd period - Goal by James Sheppard - Patriotes : 4 - Rafales : 5.
19:13 of 3rd period - Cody Eakin wins face-off versus Mike Zigomanis in neutral zone.
19:16 of 3rd period - Patriotes, Marek Schwarz is pulled from the net.
19:30 of 3rd period - Wrist shot by Cody Eakin.
19:30 of 3rd period - Shot Misses the Net.
19:34 of 3rd period - Snap shot by Matt Calvert.
19:34 of 3rd period - Stopped by Leland Irving without a rebound.
19:35 of 3rd period - Brent Sutter call a timeout for Patriotes.
19:35 of 3rd period - Cody Eakin wins face-off versus Mike Zigomanis in Rafales zone.
19:58 of 3rd period - Wrist shot by Michael Ryder.
19:58 of 3rd period - Shot Misses the Net.
Goals for this period are 1 for Patriotes vs 1 for Rafales.
Shots for this period are 6 for Patriotes vs 9 for Rafales.
Back to the Top